 Dungeon Crawl Stone Soup version 0.32-a0-913-g739538afd8 (webtiles) character file.

Game seed: 5781775336197261875

361 kaesle the Trooper (level 6, -3/52 HPs)
             Began as a Mountain Dwarf Fighter on Apr 7, 2024.
             Slain by a gnoll
             ... wielding a +0 halberd
             ... led by a gnoll bouda
              (10 damage)
             ... on level 4 of the Dungeon.
             The game lasted 00:10:31 (3857 turns).

kaesle the Trooper (Mountain Dwarf Fighter)         Turns: 3857, Time: 00:10:33

Health: -3/52      AC: 10    Str: 18    XL:     6   Next: 38%
Magic:  6/6        EV:  6    Int:  9    God:
Gold:   195        SH:  4    Dex: 11    Spells: 5/5 levels left

rFire   . . .        a - +0 war axe
rCold   . . .        c - +0 buckler
rNeg    . . .        d - +0 chain mail
rPois   .            (no helmet)
rElec   .            (no cloak)
rCorr   .            f - +0 pair of gloves
SInv    .            (no boots)
Will    .....        (no amulet) Stlth
                     (no ring)
HPRegen 0.28/turn    (no ring)
MPRegen 0.10/turn

%: no passive effects
@: weakened
A: runic magic, artefact enchanting
a: no special abilities


You were on level 4 of the Dungeon.
You visited 1 branch of the dungeon, and saw 4 of its levels.

You collected 195 gold pieces.

Inventory:

Hand Weapons
 a - a +0 war axe (weapon)
 b - a +0 vampiric hand axe
Armour
 c - a +0 buckler (worn)
 d - a +0 chain mail (worn)
 f - a +0 pair of gloves (worn)
Wands
 m - a wand of polymorph (9)
 r - a wand of warping (12)
Scrolls
 g - 3 scrolls of identify
 h - a scroll of fog {unknown}
 j - 2 scrolls of noise {unknown}
 l - a scroll of poison {unknown}
 n - a scroll of revelation {unknown}
 p - a scroll of vulnerability {unknown}
 q - a scroll of amnesia {unknown}
 s - a scroll of blinking {unknown}
Potions
 e - 3 potions of enlightenment
 i - a potion of degeneration {unknown}
 k - a potion of curing {unknown}
 o - a potion of attraction {unknown}


   Skills:
 + Level 4.2 Fighting
 + Level 3.5(4.2) Axes
 * Level 2.6(3.3) Polearms
 * Level 2.1 Ranged Weapons
 * Level 2.0 Throwing
 + Level 4.1 Armour
 - Level 3.4 Shields


You had 5 spell levels left.
You didn't know any spells.
Your spell library contained the following spells:

 Spells                   Type           Power      Damage    Failure   Level
 Apportation              Tloc           0%         N/A       65%         1
 Necrotise                Necr           0%         1d4       65%         1
 Ensorcelled Hibernation  Hex/Ice        0%         N/A       80%         2
 Jinxbite                 Hex            0%         N/A       80%         2
 Mercury Vapours          Alch/Air       0%         N/A       80%         2
 Mephitic Cloud           Conj/Alch/Air  0%         N/A       95%         3
 Passwall                 Erth           0%         N/A       95%         3
 Swiftness                Air            0%         N/A       95%         3
 Vampiric Draining        Necr           0%         2d6       95%         3
 Martyr's Knell           Necr/Summ      0%         N/A       100%        4
 Alistair's Intoxication  Alch           0%         N/A       100%        5
 Curse of Agony           Necr           0%         N/A       100%        5
 Freezing Cloud           Conj/Ice/Air   0%         6-21      100%        5


Dungeon Overview and Level Annotations

Branches:
Dungeon (4/15)
 Temple: D:4-7

Altars:
Sif Muna
Xom

Annotations:
D:3 2 transporters


Innate Abilities, Weirdness & Mutations

Your spellcasting is much less encumbered by armour.
You can use scrolls of enchantment on lesser artefacts.


Message History

The gnoll is almost dead.
The gnoll hits you but does no damage.
You slash the gnoll!
You kill the gnoll!
The gnoll bouda hits you but does no damage.
You barely miss the gnoll bouda.
The gnoll hits you from afar with a +0 halberd!
The gnoll bouda hits you with a +0 club.
You block the gnoll's attack.
You barely miss the gnoll bouda.
The gnoll bouda hits you but does no damage.
The gnoll barely misses you.
The gnoll bouda hits you with a +0 club.
You barely miss the gnoll bouda.
The gnoll hits you from afar with a +0 halberd.
You block the gnoll bouda's attack.
You barely miss the gnoll bouda. You block the gnoll's attack.
The gnoll bouda hits you with a +0 club.
You block the gnoll's attack.
You slash the gnoll bouda!
The gnoll bouda is heavily wounded.
The gnoll bouda prays to its god.
The gnoll bouda is healed somewhat.
The gnoll hits you from afar with a +0 halberd.
The gnoll bouda gazes fiercely through you!
You feel as though you will be weak longer.
The gnoll bouda hits you with a +0 club.
You closely miss the gnoll bouda.
The gnoll bouda is moderately wounded.
The gnoll is no longer moving quickly.
The gnoll hits you from afar with a +0 halberd.
The gnoll bouda barks out a call to the hunt!
The gnoll picks up the pace!
You barely miss the gnoll bouda.
The gnoll bouda is moderately wounded.
The gnoll hits you from afar with a +0 halberd!
* * * LOW HITPOINT WARNING * * *
The gnoll bouda hits you but does no damage.
The gnoll hits you from afar with a +0 halberd!
You die...

#.# #.#.# #.#
#.#.# #.# #.#.#
#.# #.#.##########
#.###.#...........
#.#...#######.....
#.#.#....#..'.....
#.#.#.##.#.##.....
#@#.#..# #...#####
#g#.#.##.###.#####
#g#......###'#....
#.###.#####....###
#.# #.# #......#
#.# #.# #....#.#
#.# #.# #.......
#.# #.############
#...........))


You could see a gnoll bouda and a gnoll (swift).

Vanquished Creatures
  A hound (D:4)
  An orc priest (D:4)
  A sleepcap (D:4)
  Terence (D:3)
  An iguana (D:4)
  An orc wizard (D:3)
  Ijyb (D:3)
  5 adders
  4 gnolls
  A dart slug (D:3)
  2 ribbon worms
  9 orcs
  6 ball pythons
  5 bats
  3 endoplasms
  4 giant cockroaches
  5 goblins
  8 hobgoblins
  7 jackals
  2 quokkas
  2 frilled lizards (D:2)
  7 kobolds
  4 rats
81 creatures vanquished.

Notes
Turn   | Place    | Note
-------+----------+-------------------------------------------
     0 | D:1      | kaesle the Mountain Dwarf Fighter began the quest for the
                  | Orb.
     0 | D:1      | Reached XP level 1. HP: 19/19 MP: 1/1
   168 | D:1      | Reached XP level 2. HP: 26/26 MP: 2/2
   785 | D:2      | Reached XP level 3. HP: 19/31 MP: 3/3
  1068 | D:2      | Reached skill level 1 in Polearms
  1157 | D:2      | Reached skill level 1 in Ranged Weapons
  1157 | D:2      | Reached skill level 1 in Throwing
  1157 | D:2      | Reached XP level 4. HP: 39/39 MP: 4/4
  1567 | D:3      | Noticed Ijyb
  1610 | D:3      | Killed Ijyb
  1701 | D:3      | Found a transporter.
  1720 | D:3      | Found a transporter.
  1890 | D:3      | Reached XP level 5. HP: 17/46 MP: 5/5
  2070 | D:3      | Noticed Terence
  2083 | D:3      | Killed Terence
  2148 | D:3      | Found a shimmering blue altar of Sif Muna.
  2307 | D:3      | Found a shimmering altar of Xom.
  3026 | D:4      | Reached XP level 6. HP: 24/52 MP: 6/6
  3857 | D:4      | Slain by a gnoll

Illustrated notes

Levels and vault maps discovered:
D:1:      minmay_arrival_up_and_down, layout_basic
D:2:      layout_loops_ring
D:3:      gammafunk_steamed_eel, layout_basic, led_sif_pool,
          overflow_temple_1_default, chequers_avenue, st_stairs_4, uniq_ijyb,
          uniq_terence
D:4:      layout_basic, mainiacjoe_overflow_surrounded_room,
          nicolae_overflow_hidden_temple, serial_bayou_pond_d

Skill      XL: |  1  2  3  4  5  6 |
---------------+-------------------+-----
Axes           | 3 |  3.5
Polearms       | 1 2 |  2.6
Ranged Weapons | 1 2 |  2.1
Throwing       | 1 2 |  2.0
Fighting       | 4 |  4.2
Armour         | 4 |  4.1
Shields        | |  3.4

Action                     |  1- 3 |  4- 6 || total
---------------------------+-------+-------++-------
  Melee: War axe           |   117 |   173 ||   290
         Unarmed           |       |    17 ||    17
    Use: Potion            |       |     2 ||     2
         Scroll            |       |     1 ||     1
 Armour: Scale mail        |   101 |    91 ||   192
         Skin              |       |     4 ||     4
         Chain mail        |       |   116 ||   116
  Dodge: Dodged            |    63 |    76 ||   139
  Block: Buckler           |    40 |    51 ||    91

Table legend: (Time is in decaauts)
 A = Elapsed time spent in this place.
 B = Non-inter-level travel time spent in this place.
 C = Inter-level travel time spent in this place.
 D = Time resting spent in this place.
 E = Time spent auto-exploring this place.
 F = Levels seen in this place.
 G = Mean time per level.
                   A        B        C        D        E       F      G
               +--------+--------+--------+--------+--------+-----+--------+
         Total |   3967 |   3698 |    269 |    629 |   2169 |   4 |  991.8 |
       Dungeon |   3967 |   3698 |    269 |    629 |   2169 |   4 |  991.8 |
               +--------+--------+--------+--------+--------+-----+--------+

Top non-repeatable levels by time:
     D:3: 1531 daAuts
     D:4: 892 daAuts
     D:1: 816 daAuts
     D:2: 727 daAuts
